Cogmind - Beta 11 X2 @@@ ROGUE MODE // 2021.02.26 @ 23:46:52 Player: Heavyrisk Result: Self-destructed Performance ------------- Evolutions (4) 2000 Regions Visited (12) 2400 Robots Destroyed (115) 575 Value Destroyed (4293) 4293 Prototype IDs (27) 540 Alien Tech Used (0) 0 Bonus (2199) 2199 TOTAL SCORE: 12007 Bonus ------- High Alert Combat Kills 439 Follower Combat Kills 60 Entered Garrisons 400 Used RIF Installer 1000 Aligned with FarCom 300 Cogmind --------- Core Integrity 850/850 Matter 215/300 Energy 150/150 System Corruption 0% Temperature Cool (0) Movement Walking (122) Location -6/Factory Parts ------- > --- POWER (1) -------- Light Angular Momentum Engine > --- PROPULSION (4) --- Carbon-fiber Leg Carbon-fiber Leg Titanium Leg Armored Leg > --- UTILITY (8) ------ Large Storage Unit Improved Signal Interpreter Improved Melee Analysis Suite Improved Melee Analysis Suite Improved Medium Armor Plating Relay Coupler [NC] (13) Relay Coupler [Grunt] (23) Relay Coupler [Hunter] (16) > --- WEAPON (2) ------- Remote Datajack Chainsword > --- INVENTORY (15) --- Improved Deuterium Engine Carbon-fiber Leg Improved Titanium Leg Large Storage Unit Large Storage Unit Improved Melee Analysis Suite Hardened Light Armor Plating Relay Coupler [NC] (27) Relay Coupler [Grunt] (29) Relay Coupler [Grunt] (19) Relay Coupler [Behemoth] (10) Gauss Cannon Heavy Missile Launcher Improved Datajack Longsword +1 Peak State ------------ > --- POWER ------------ Light Angular Momentum Engine > --- PROPULSION ------- Carbon-fiber Leg Carbon-fiber Leg Titanium Leg Armored Leg > --- UTILITY ---------- Large Storage Unit Improved Signal Interpreter Improved Melee Analysis Suite Improved Melee Analysis Suite Improved Medium Armor Plating Relay Coupler [NC] Relay Coupler [Grunt] Relay Coupler [Hunter] > --- WEAPON ----------- Remote Datajack Chainsword > --- INVENTORY -------- Improved Deuterium Engine Carbon-fiber Leg Improved Titanium Leg Large Storage Unit Large Storage Unit Improved Melee Analysis Suite Hardened Light Armor Plating Relay Coupler [NC] Relay Coupler [Grunt] Relay Coupler [Grunt] Relay Coupler [Behemoth] Gauss Cannon Heavy Missile Launcher Improved Datajack Longsword +1 [Rating: 57] Favorites ----------- Power Heavy Ion Engine Engine Heavy Ion Engine Propulsion Improved Treads Treads Improved Treads Leg Carbon-fiber Leg Utility Large Storage Unit Device Improved Heat Sink Storage Large Storage Unit Processor Improved Melee Analysis Suite Hackware Relay Coupler [Grunt] Protection Hardened Light Armor Plating Weapon Improved Assault Rifle Energy Gun Spread Laser Ballistic Gun Improved Assault Rifle Ballistic Cannon Gauss Cannon Launcher Heavy Missile Launcher Special Weapon Remote Datajack Slashing Weapon Longsword +1 Special Melee Weapon Improved Datajack Build | -11 -10 -10 -9 -9 -9 -8 -8 -8 -8 -8 -7 -6 ------- Run | Scr Mat Min Mat Min Exi Min Mat Gar Mat Gar Fac Fac Slots Evolved 8 | . . . 2 . . . 2 . . . 2 2 Power . | . . . . . . . . . . . . . Propulsion 2 | . . . . . . . 2 . . . . . Utility 6 | . . . 2 . . . . . . . 2 2 Weapon . | . . . . . . . . . . . . . Parts Attached 136 | 6 8 . 16 1 4 1 26 10 14 23 20 7 Power 9 | 1 2 . 2 . . . 1 . . 2 1 . Engine 9 | 1 2 . 2 . . . 1 . . 2 1 . Core . | . . . . . . . . . . . . . Reactor . | . . . . . . . . . . . . . Propulsion 35 | 2 2 . 3 . . . 10 4 1 5 7 1 Treads 13 | . . . 2 . . . 10 . . 1 . . Leg 22 | 2 2 . 1 . . . . 4 1 4 7 1 Wheel . | . . . . . . . . . . . . . Hover . | . . . . . . . . . . . . . Flight . | . . . . . . . . . . . . . Utility 35 | 1 1 . 6 1 2 . 8 1 3 3 5 4 Device 9 | . 1 . 3 . . . 3 1 1 . . . Storage 4 | 1 . . 1 . 1 . . . . . . 1 Processor 3 | . . . . . . . 1 . . . 1 1 Hackware 4 | . . . . . . . . . 1 1 2 . Protection 15 | . . . 2 1 1 . 4 . 1 2 2 2 Artifact . | . . . . . . . . . . . . . Weapon 57 | 2 3 . 5 . 2 1 7 5 10 13 7 2 Energy Gun 5 | 1 2 . 2 . . . . . . . . . Energy Cannon . | . . . . . . . . . . . . . Ballistic Gun 25 | 1 1 . 2 . 1 1 5 2 6 6 . . Ballistic Cannon 1 | . . . . . . . . . . . . 1 Launcher 8 | . . . 1 . . . 2 2 1 2 . . Special Weapon 2 | . . . . . . . . . . . 1 1 Impact Weapon . | . . . . . . . . . . . . . Slashing Weapon 12 | . . . . . 1 . . 1 2 4 4 . Piercing Weapon . | . . . . . . . . . . . . . Special Melee Weapon 4 | . . . . . . . . . 1 1 2 . Unidentified Prototypes 2 | . . . 2 . . . . . . . . . Parts Lost 21 | . 2 . 2 . . . 4 1 2 9 1 . Power 4 | . 1 . . . . . . . . 2 1 . Propulsion 8 | . . . 1 . . . 2 . . 5 . . Utility 7 | . . . 1 . . . 2 1 1 2 . . Weapon 2 | . 1 . . . . . . . 1 . . . Highest Loss Streak 5 | . 1 . 2 . . . 2 1 1 5 1 . Average Slot Usage (%) 97 | . 94 100 98 100 97 100 99 99 99 83 99 100 Engine 9 | . 14 14 11 11 11 11 9 9 9 9 7 6 Treads 14 | . . . 9 22 22 22 35 27 . . 3 . Leg 14 | . 28 28 12 . . . . 8 36 21 26 26 Device 7 | . 8 14 20 22 14 11 5 2 2 . . . Storage 9 | . 14 14 11 11 11 11 9 9 9 9 7 6 Processor 4 | . . . . . . . 3 9 9 9 7 20 Hackware 5 | . . . . . . . . . 8 6 22 20 Protection 11 | . . . 11 11 16 22 17 15 6 8 7 6 Energy Gun 2 | . 14 14 9 . . . . . . . . . Ballistic Gun 12 | . 14 14 12 22 20 22 17 15 13 8 . . Slashing Weapon 3 | . . . . . . . . 2 4 8 13 6 Naked Turns . | . . . . . . . . . . . . . Heaviest Build 46 | 11 16 15 41 41 45 45 46 46 41 42 40 44 Greatest Support 92 | 20 26 26 46 46 46 46 92 84 56 56 62 63 Greatest Overweight (x) 3 | 1 1 . 1 . . . . . . 3 1 . Average Overweight (x) . | . . . . . . . . . . . . . Largest Inventory Capacity 15 | 8 8 8 15 15 15 15 15 15 15 15 15 15 Average Capacity 14 | 7 8 8 13 15 15 15 15 15 15 15 15 15 Most Carried 15 | 4 8 8 15 15 15 15 15 15 15 15 15 15 Average Carried 14 | 1 7 7 13 14 14 15 14 14 14 14 14 14 Final Capacity 15 | 8 8 8 15 15 15 15 15 15 15 15 15 15 Final Carried 15 | 4 8 8 15 15 15 15 15 15 15 15 15 15 Class Distribution -------------------- 63% | Mutant 36% | Bothacker-Mutant Dominant Class ---------------- Mutant | -10/Materials Mutant | -10/Mines Mutant | -9/Materials Mutant | -9/Mines Mutant | -9/Exiles Mutant | -8/Mines Mutant | -8/Materials Mutant | -8/Garrison Bothacker-Mutant | -8/Materials Bothacker-Mutant | -8/Garrison Bothacker-Mutant | -7/Factory Bothacker-Mutant | -6/Factory Resources | -11 -10 -10 -9 -9 -9 -8 -8 -8 -8 -8 -7 -6 ----------- Run | Scr Mat Min Mat Min Exi Min Mat Gar Mat Gar Fac Fac Matter Collected 2671 | 251 133 . 237 10 . 132 702 413 233 366 194 . Remotely . | . . . . . . . . . . . . . Salvage Created 4351 | . 168 . 624 . . 150 1199 546 583 431 650 . Parts 253 | . 7 . 39 . . 10 69 34 32 28 34 . Haulers Intercepted 2 | . . . 1 . . . . . 1 . . . Recyclers Shooed 4 | . . . 2 . . . 2 . . . . . Parts Field Recycled . | . . . . . . . . . . . . . Retrieved Matter . | . . . . . . . . . . . . . Parts Self-Destructed . | . . . . . . . . . . . . . Prevented . | . . . . . . . . . . . . . Kills | -11 -10 -10 -9 -9 -9 -8 -8 -8 -8 -8 -7 -6 ------- Run | Scr Mat Min Mat Min Exi Min Mat Gar Mat Gar Fac Fac Combat Hostiles Destroyed 99 | . 5 . 13 . . 3 24 21 12 14 7 . Melee 18 | . . . . . . . . . 5 6 7 . Guns 63 | . 5 . 10 . . 3 21 15 5 4 . . AOE 18 | . . . 3 . . . 3 6 2 4 . . Classes Destroyed 12 | . 1 . 7 . . 2 1 . . . 1 . Builder 2 | . . . . . . . 2 . . . . . Hauler 2 | . . . 1 . . . . . 1 . . . Recycler 6 | . . . 2 . . . 1 . . . 3 . Operator 4 | . . . 1 . . . 3 . . . . . Watcher 2 | . . . 1 . . . . . 1 . . . Swarmer 29 | . . . 4 . . . 4 12 3 6 . . Grunt 39 | . 5 . 5 . . 1 12 9 2 5 . . Brawler 3 | . . . 1 . . . 2 . . . . . Duelist 1 | . . . . . . 1 . . . . . . Sentry 22 | . . . 3 . . . 6 . 5 3 5 . Hunter 3 | . . . . . . 1 . . 2 . . . Programmer 2 | . . . . . . . . . . . 2 . Best Kill Streak 10 | . 2 . 4 . . 2 10 7 5 4 2 . Combat Bots Only 7 | . 2 . 4 . . 2 5 7 5 4 1 . Max Kills in Single Turn 3 | . 1 . 3 . . 1 3 2 2 2 1 . Gunslinging . | . . . . . . . . . . . . . Exploded 3 | . . . 3 . . . 3 2 2 2 . . Melee 1 | . . . . . . . . . 1 1 1 . Uniques/NPCs Destroyed . | . . . . . . . . . . . . . Combat | -11 -10 -10 -9 -9 -9 -8 -8 -8 -8 -8 -7 -6 -------- Run | Scr Mat Min Mat Min Exi Min Mat Gar Mat Gar Fac Fac Damage Taken 5962 | . 419 . 556 . . 503 1504 863 598 1194 325 . Core 671 | . 63 . 37 . . 35 100 85 36 252 63 . Absorbed by Shields . | . . . . . . . . . . . . . Core Remaining (%) 72 | 100 . 74 . . . 82 . . . 14 91 . Volleys Fired 249 | . 28 . 38 . . 12 77 50 16 27 . 1 Largest 2 | . 2 . 2 . . 2 2 2 2 2 . 1 Hottest 130 | . 85 . 130 . . 46 46 46 46 46 . 30 Shots Fired 477 | . 56 . 69 . . 24 153 96 31 47 . 1 Gun 466 | . 56 . 68 . . 24 152 93 30 43 . . Cannon . | . . . . . . . . . . . . . Launcher 10 | . . . 1 . . . 1 3 1 4 . . Special 1 | . . . . . . . . . . . . 1 Kinetic 394 | . 28 . 24 . . 24 152 93 30 43 . . Thermal 72 | . 28 . 44 . . . . . . . . . Explosive 10 | . . . 1 . . . 1 3 1 4 . . Electromagnetic . | . . . . . . . . . . . . . Robot Hit Streak 45 | . 7 . 16 . . 40 45 40 11 12 . 2 Robot Miss Streak 4 | . 4 . 4 . . . 3 2 1 2 . . Penetration Max . | . . . . . . . . . . . . . Secondary Targets 6 | . . . . . . 1 3 1 . 1 . . Max Gunslinging Chain 1 | . . . . . . 1 1 1 . 1 . . Shots Hit Robots 451 | . 39 . 59 . . 24 132 78 42 47 29 1 Core Hits 234 | . 26 . 60 . . 7 53 38 20 19 11 . Critical Hits 7 | . . . . . . . 3 . 2 2 . . Critical Kills 5 | . . . . . . . 2 . 2 1 . . Critical Parts Destroyed 2 | . . . . . . . 1 . . 1 . . Melee Attacks 93 | . . . . . . . . 4 19 34 36 . Impact . | . . . . . . . . . . . . . Slashing 89 | . . . . . . . . 4 18 34 33 . Piercing . | . . . . . . . . . . . . . Sneak Attacks 9 | . . . . . . . . . 2 . 7 . Combat Hostiles 1 | . . . . . . . . . 1 . . . Follow-up Attacks 5 | . . . . . . . . . . . 5 . Damage Inflicted 10145 | . 303 6 852 . . 333 2182 1567 1525 1757 1620 . Guns 5023 | . 303 . 691 . . 333 1963 1103 347 283 . . Cannons . | . . . . . . . . . . . . . Explosions 1387 | . . . 157 . . . 192 464 166 408 . . Melee 3681 | . . . . . . . . . 995 1066 1620 . Ramming 54 | . . 6 4 . . . 27 . 17 . . . Kinetic 4382 | . 86 . 267 . . 333 1963 1103 347 283 . . Thermal 641 | . 217 . 424 . . . . . . . . . Explosive 1387 | . . . 157 . . . 192 464 166 408 . . Electromagnetic . | . . . . . . . . . . . . . Impact . | . . . . . . . . . . . . . Slashing 3681 | . . . . . . . . . 995 1066 1620 . Piercing . | . . . . . . . . . . . . . Highest Corruption 1 | . . . . . . . . . . . 1 . Average Corruption 1 | . . . . . . . . . . . 1 . Corruption Purged . | . . . . . . . . . . . . . Effects 1 | . . . . . . . . . . . 1 . Message Errors 1 | . . . . . . . . . . . 1 . Overload Shots . | . . . . . . . . . . . . . Overflow Damage 414 | . . . 22 . . . 4 27 162 34 165 . Projectiles . | . . . . . . . . . . . . . Explosions 95 | . . . 22 . . . 4 27 12 30 . . Melee 319 | . . . . . . . . . 150 4 165 . Knockbacks . | . . . . . . . . . . . . . Impact . | . . . . . . . . . . . . . Kinetic . | . . . . . . . . . . . . . Secondary . | . . . . . . . . . . . . . Self-Inflicted Damage 125 | . . . 110 . . . . . . 15 . . Shots 3 | . . . 2 . . . . . . 1 . . Rammed 4 | . . . 1 . . . 3 . . . . . Targets Rammed 10 | . . 1 2 . . . 5 . 2 . . . Kicked 4 | . . 1 1 . . . . . 2 . . . Crushed 2 | . . . . . . . 2 . . . . . Highest Temperature 127 | . 127 . 25 . . . 13 48 1 14 . 5 Average Temperature 17 | . 50 . 11 . . . 5 11 1 3 . 5 Received Heat Transfer 2100 | . 240 . 144 . . 99 684 405 180 288 60 . Siege Activations . | . . . . . . . . . . . . . Robots Corrupted . | . . . . . . . . . . . . . Combat Hostiles . | . . . . . . . . . . . . . Parts Fried . | . . . . . . . . . . . . . Impact Corruptions . | . . . . . . . . . . . . . Robots Melted . | . . . . . . . . . . . . . Combat Hostiles . | . . . . . . . . . . . . . Parts Melted . | . . . . . . . . . . . . . Heat Transferred 855 | . 315 . 540 . . . . . . . . . Parts Sabotaged . | . . . . . . . . . . . . . Parts Stolen . | . . . . . . . . . . . . . Parts Stripped . | . . . . . . . . . . . . . Power Chain Reactions . | . . . . . . . . . . . . . Missiles Intercepted . | . . . . . . . . . . . . . Alert | -11 -10 -10 -9 -9 -9 -8 -8 -8 -8 -8 -7 -6 ------- Run | Scr Mat Min Mat Min Exi Min Mat Gar Mat Gar Fac Fac Peak Influence 940 | . 168 65 196 58 . 95 499 940 706 690 406 94 Initial 458 | . . 65 25 37 . . 37 258 458 139 361 79 Average 275 | . 114 65 80 28 . 29 301 723 501 423 227 90 Maximum Alert Level 3 | . . . . . . . 2 3 3 2 2 . Low Security (%) 46 | 100 100 100 100 100 . 100 14 . . 8 41 100 Level 1 28 | . . . . . . . 77 6 25 34 46 . Level 2 18 | . . . . . . . 7 30 67 57 12 . Level 3 6 | . . . . . . . . 63 6 . . . Level 4 . | . . . . . . . . . . . . . Level 5 . | . . . . . . . . . . . . . High Security . | . . . . . . . . . . . . . Max Security . | . . . . . . . . . . . . . Squads Dispatched 7 | . 1 . 2 . . . 3 . . . 1 . Investigation . | . . . . . . . . . . . . . Extermination 1 | . . . . . . . . . . . 1 . Reinforcement 6 | . 1 . 2 . . . 3 . . . . . Assault . | . . . . . . . . . . . . . Garrison . | . . . . . . . . . . . . . Intercept . | . . . . . . . . . . . . . Construction Impeded . | . . . . . . . . . . . . . Haulers Reinforced . | . . . . . . . . . . . . . Stealth | -11 -10 -10 -9 -9 -9 -8 -8 -8 -8 -8 -7 -6 --------- Run | Scr Mat Min Mat Min Exi Min Mat Gar Mat Gar Fac Fac Distress Signals 6 | . . . 2 . . . 3 . 1 . . . Communications Jammed . | . . . . . . . . . . . . . Distress Signals . | . . . . . . . . . . . . . Times Spotted 159 | . 6 . 27 2 . 4 46 19 12 27 14 2 Peak Tracking Total 9 | . 3 . 4 2 . 3 9 6 3 4 4 2 Tactical Retreats 16 | . . . . . . 1 4 2 . 9 . . Traps | -11 -10 -10 -9 -9 -9 -8 -8 -8 -8 -8 -7 -6 ------- Run | Scr Mat Min Mat Min Exi Min Mat Gar Mat Gar Fac Fac Traps Triggered 8 | . . . 1 . . . . 2 1 4 . . Indirectly . | . . . . . . . . . . . . . Trap Hack Attempts . | . . . . . . . . . . . . . Triggered . | . . . . . . . . . . . . . Disarmed . | . . . . . . . . . . . . . Reprogrammed . | . . . . . . . . . . . . . Reused . | . . . . . . . . . . . . . Traps Extracted . | . . . . . . . . . . . . . Installed . | . . . . . . . . . . . . . Triggered . | . . . . . . . . . . . . . Machines | -11 -10 -10 -9 -9 -9 -8 -8 -8 -8 -8 -7 -6 ---------- Run | Scr Mat Min Mat Min Exi Min Mat Gar Mat Gar Fac Fac Machines Disabled 6 | . . . 3 . . . . 2 . 1 . . Max in Single Turn 2 | . . . 2 . . . . 1 . 1 . . Garrison Access 1 | . . . . . . . . . . . 1 . Garrison Relay 3 | . . . . . . . . 2 . 1 . . Machines Sabotaged . | . . . . . . . . . . . . . Garrisons Compromised . | . . . . . . . . . . . . . Overloaded Fab Kills . | . . . . . . . . . . . . . Fab Network Shutdowns . | . . . . . . . . . . . . . Hacking | -11 -10 -10 -9 -9 -9 -8 -8 -8 -8 -8 -7 -6 --------- Run | Scr Mat Min Mat Min Exi Min Mat Gar Mat Gar Fac Fac Machines Accessed 30 | . 1 . 6 1 3 . 6 . 6 . 7 . Terminals 20 | . 1 . 5 1 . . 4 . 5 . 4 . Fabricators 1 | . . . . . . . . . . . 1 . Repair Stations 1 | . . . . . . . 1 . . . . . Recycling Units 1 | . . . . . . . . . . . 1 . Scanalyzers 1 | . . . 1 . . . . . . . . . Garrison Access 3 | . . . . . . . 1 . 1 . 1 . Total Hacks 96 | . 4 . 15 2 33 . 13 . 15 . 14 . Successful 72 | . 2 . 11 2 33 . 9 . 6 . 9 . Failed 23 | . 2 . 4 . . . 3 . 9 . 5 . Catastrophic 3 | . . . 1 . . . 1 . . . 1 . Database Lockouts 1 | . . . . . . . 1 . . . . . Manual 34 | . 1 . 8 1 1 . 6 . 11 . 6 . Terminals 51 | . 4 . 13 2 . . 10 . 14 . 8 . Fabricators 3 | . . . . . . . . . . . 3 . Repair Stations 2 | . . . . . . . 2 . . . . . Recycling Units 1 | . . . . . . . . . . . 1 . Scanalyzers 2 | . . . 2 . . . . . . . . . Garrison Access 4 | . . . . . . . 1 . 1 . 2 . Terminal Hacks 51 | . 1 . 7 2 33 . 4 . 3 . 1 . Record 32 | . . . . . 32 . . . . . . . Part Schematic 1 | . . . . . . . 1 . . . . . Prototype ID Bank 1 | . . . 1 . . . . . . . . . Branch Access Points 2 | . . . 1 . . . 1 . . . . . Emergency Access Points 1 | . . . . . . . 1 . . . . . Unreport Threat 3 | . . . . . . . . . 3 . . . Locate Traps 1 | . . . 1 . . . . . . . . . Registered Components 1 | . . . 1 . . . . . . . . . Zone Layout 8 | . 1 . 3 2 . . 1 . . . 1 . EX-Prototype ID Bank 1 | . . . . . 1 . . . . . . . Fabricator Hacks 3 | . . . . . . . . . . . 3 . Load Schematic 1 | . . . . . . . . . . . 1 . Build 2 | . . . . . . . . . . . 2 . Repair Station Hacks 2 | . . . . . . . 2 . . . . . Scan Component 1 | . . . . . . . 1 . . . . . Repair 1 | . . . . . . . 1 . . . . . Recycling Unit Hacks 1 | . . . . . . . . . . . 1 . Report Inventory 1 | . . . . . . . . . . . 1 . Scanalyzer 2 | . . . 2 . . . . . . . . . Insert Component 1 | . . . 1 . . . . . . . . . Analyze 1 | . . . 1 . . . . . . . . . Garrison Access Hacks 4 | . . . . . . . 1 . 1 . 2 . Unlock Access 2 | . . . . . . . 1 . 1 . . . Seal Access 1 | . . . . . . . . . . . 1 . Coupler Status 1 | . . . . . . . . . . . 1 . Unauthorized Hacks 9 | . 1 . 2 . . . 2 . 2 . 2 . Terminals 9 | . 1 . 2 . . . 2 . 2 . 2 . Botnet 9 | . 1 . 2 . . . 2 . 2 . 2 . Fabricators . | . . . . . . . . . . . . . Repair Stations . | . . . . . . . . . . . . . Recycling Units . | . . . . . . . . . . . . . Scanalyzers . | . . . . . . . . . . . . . Garrison Access . | . . . . . . . . . . . . . Data Cores Recovered . | . . . . . . . . . . . . . Used . | . . . . . . . . . . . . . Hacking Detections 24 | . 1 . 6 1 . . 4 . 6 . 6 . Full Trace Events . | . . . . . . . . . . . . . Feedback Events . | . . . . . . . . . . . . . Feedback Blocked . | . . . . . . . . . . . . . Robot Schematics Acquired . | . . . . . . . . . . . . . Robots Built . | . . . . . . . . . . . . . Matter . | . . . . . . . . . . . . . Time . | . . . . . . . . . . . . . Total Robot Build Rating . | . . . . . . . . . . . . . Part Schematics Acquired 2 | . . . 1 . . . 1 . . . . . Parts Built 4 | . . . . . . . . . . . 4 . Matter 292 | . . . . . . . . . . . 292 . Time 72 | . . . . . . . . . . . 72 . Total Part Build Rating 12 | . . . . . . . . . . . 12 . Parts Repaired 1 | . . . . . . . 1 . . . . . Time 38 | . . . . . . . 38 . . . . . Parts Recycled . | . . . . . . . . . . . . . Recycled Matter . | . . . . . . . . . . . . . Retrieved Matter . | . . . . . . . . . . . . . Retrieved Components . | . . . . . . . . . . . . . Parts Scanalyzed 1 | . . . 1 . . . . . . . . . Part Schematics Acquired 1 | . . . 1 . . . . . . . . . Parts Damaged . | . . . . . . . . . . . . . Bothacking | -11 -10 -10 -9 -9 -9 -8 -8 -8 -8 -8 -7 -6 ------------ Run | Scr Mat Min Mat Min Exi Min Mat Gar Mat Gar Fac Fac Used RIF Installer 2 | . . . . . . . . 1 . 1 . . Watcher Feeds 1 | . . . . . . . . . . 1 . . Robots Hacked 3 | . . . . . . . . . 1 . 1 1 Non-combat 2 | . . . . . . . . . . . 1 1 Combat 1 | . . . . . . . . . 1 . . . Robot Hacks Applied 3 | . . . . . . . . . 1 . 1 1 find_recycling 1 | . . . . . . . . . . . 1 . map_route 1 | . . . . . . . . . . . . 1 find_garrison 1 | . . . . . . . . . 1 . . . Relay Couplers Released 13 | . . . . . . . . 8 . 4 1 . Machine Destruction 13 | . . . . . . . . 8 . 4 1 . Attached 4 | . . . . . . . . . 1 1 2 . Robots Rewired . | . . . . . . . . . . . . . Allies Hacked . | . . . . . . . . . . . . . Hacks Repelled . | . . . . . . . . . . . . . Allies | -11 -10 -10 -9 -9 -9 -8 -8 -8 -8 -8 -7 -6 -------- Run | Scr Mat Min Mat Min Exi Min Mat Gar Mat Gar Fac Fac Total Allies 3 | . . . . 3 . . . . . . . . Largest Group 3 | . . . . 3 3 3 . . . . . . Highest-Rated Group 40 | . . . . 40 40 40 . . . . . . Highest-Rated Ally 16 | . . . . 16 16 16 . . . . . . Total Orders . | . . . . . . . . . . . . . Ally Attacks 15 | . . . . 15 . . . . . . . . Total Damage 194 | . . . . 194 . . . . . . . . Kills 2 | . . . . 2 . . . . . . . . Allies Corrupted . | . . . . . . . . . . . . . Allies Melted . | . . . . . . . . . . . . . Intel | -11 -10 -10 -9 -9 -9 -8 -8 -8 -8 -8 -7 -6 ------- Run | Scr Mat Min Mat Min Exi Min Mat Gar Mat Gar Fac Fac Robot Analysis Total . | . . . . . . . . . . . . . Derelict Logs Recovered 2 | . . 1 . 1 . . . . . . . . Drone Launches . | . . . . . . . . . . . . . Drone Recoveries . | . . . . . . . . . . . . . Exploration | -11 -10 -10 -9 -9 -9 -8 -8 -8 -8 -8 -7 -6 ------------- Run | Scr Mat Min Mat Min Exi Min Mat Gar Mat Gar Fac Fac Turns Passed 9986 | 82 275 319 1367 746 598 377 1629 965 692 1077 1680 179 Spaces Moved 5587 | 59 123 264 660 453 370 196 752 506 418 501 1157 128 Core 4 | 4 . . . . . . . . . . . . Treads 2393 | . . . 286 453 370 196 752 336 . . . . Legs 3190 | 55 123 264 374 . . . . 170 418 501 1157 128 Wheels . | . . . . . . . . . . . . . Hover . | . . . . . . . . . . . . . Flight . | . . . . . . . . . . . . . Fastest Speed 50 | 50 120 120 120 160 160 160 157 120 120 120 120 122 Average Speed 144 | 117 120 120 164 160 160 160 161 144 120 163 121 122 Slowest Speed 360 | 120 200 120 200 160 160 160 166 157 120 360 200 122 Overloaded Moves . | . . . . . . . . . . . . . Propulsion Burnouts . | . . . . . . . . . . . . . Robots Hopped . | . . . . . . . . . . . . . Cave-ins Triggered . | . . . . . . . . . . . . . Time Travels 1 | . . . . . 1 . . . . . . . Exploration Rate (%) 47 | 4 24 61 50 87 76 49 54 72 34 72 25 4 Regions Visited 12 Branch Regions 4 Pre-discovered Areas 1 | . . . . . 1 . . . . . . . Known Exits Taken 4 | . . . 1 . . . 1 . 1 . 1 . Unknown Exits Taken 6 | 1 1 1 . 1 1 1 . . . . . . Scrap Searched 2 | . . . . 1 . 1 . . . . . . Spaces Dug 35 | . . . . . . . 4 13 15 . 3 . Terrain Destroyed 118 | . . . 21 . . . 4 30 15 45 3 . Melee 4 | . . . . . . . . . 1 . 3 . Projectile . | . . . . . . . . . . . . . AOE 114 | . . . 21 . . . 4 30 14 45 . . Terrain Rammed . | . . . . . . . . . . . . . Walls Destroyed . | . . . . . . . . . . . . . Machines Disabled . | . . . . . . . . . . . . . Actions | -11 -10 -10 -9 -9 -9 -8 -8 -8 -8 -8 -7 -6 --------- Run | Scr Mat Min Mat Min Exi Min Mat Gar Mat Gar Fac Fac Total 6949 | 68 200 266 880 477 377 236 1013 637 561 669 1415 150 Wait 674 | . 20 . 127 19 . 26 123 45 72 55 177 10 Move 5575 | 58 122 263 659 452 369 195 752 504 418 499 1156 128 Hop . | . . . . . . . . . . . . . Pick Up 90 | 4 12 1 21 2 . 1 11 7 9 7 14 1 Fast Attach 27 | 6 1 . 4 . 1 1 5 1 2 5 1 . Attach 23 | . 2 . 3 . 1 . 5 . 1 4 4 3 Detach 5 | . . . . . 2 . 1 . . . 1 1 Swap 86 | . 5 . 9 1 2 . 16 9 11 14 15 4 Drop 95 | . 10 1 17 3 2 1 18 7 11 4 19 2 Fire 249 | . 28 . 38 . . 12 77 50 16 27 . 1 Melee 85 | . . . . . . . . 4 19 34 28 . Ram . | . . . . . . . . . . . . . Kick 4 | . . 1 1 . . . . . 2 . . . Crush 6 | . . . 1 . . . 5 . . . . . Escape Stasis 30 | . . . . . . . . 10 . 20 . . Rewire . | . . . . . . . . . . . . . Trap . | . . . . . . . . . . . . . Miscellaneous . | . . . . . . . . . . . . . Route ------- -11/Scrapyard -10/Materials -10/Mines -9/Materials (discovered 4 exits: *Mat / *Min / *Sto x2) -9/Mines (discovered 2 exits: *Mat / *Exi) -9/Exiles -8/Mines -8/Materials (discovered 3 exits: *Fac x2 / Gar) -8/Garrison (discovered 3 exits: *Mat x3) -8/Materials -8/Garrison (discovered 3 exits: *Fac x3) -7/Factory (discovered 2 exits: *Fac / [*Low]) -6/Factory History --------- Turn | Location | Event 8 | -11/Scrapyard | Discovered new exit (range 16) 83 | -11/Scrapyard | Entered Materials 252 | -10/Materials | Discovered new exit (range 16) 302 | -10/Materials | Build established: Mutant 358 | -10/Materials | Entered Mines 439 | -10/Mines | Discovered new exit (range 12) 554 | -10/Mines | Learned Materials terminal intel 569 | -10/Mines | Received a Rocket Launcher from a helpful Derelict 677 | -10/Mines | Entered Materials 677 | -9/Materials | Evolved 2 slots: Utility x2 678 | -9/Materials | Loaded intel: 12 terminal locations 1776 | -9/Materials | Discovered new exit (range 15) 1849 | -9/Materials | Identified exit to Mines 1849 | -9/Materials | Identified exit to Storage 1883 | -9/Materials | Discovered new exit (range 3) 2044 | -9/Materials | Entered Mines 2049 | -9/Mines | Met a Derelict bent on vengeance 2154 | -9/Mines | Assisted by bots powering up and referring to "LRC-V3" 2508 | -9/Mines | Joined a pair of Derelicts in attacking an 0b10 outpost 2535 | -9/Mines | Learned 2 Materials zone layouts 2677 | -9/Mines | Discovered new exit (range 6) 2765 | -9/Mines | Deemed a non-threat by the Exiles lab entrance 2766 | -9/Mines | Discovered new exit (range 5) 2790 | -9/Mines | Entered Exiles 2790 | -9/Exiles | Accompanied by 3 allies 2829 | -9/Exiles | Met 8R-AWN 2856 | -9/Exiles | Met EX-HEX 2915 | -9/Exiles | Met EX-BIN 2947 | -9/Exiles | Aligned with FarCom system 2948 | -9/Exiles | Given EX-Vault access code 2991 | -9/Exiles | Opened EX-Vault 3015 | -9/Exiles | Found Chronowheel 3015 | -9/Exiles | Activated Chronowheel 3015 | -9/Exiles | Spacetime reconverged on an earlier point 3021 | -9/Exiles | Found Longsword +1 3060 | -9/Exiles | Warned to stay clear of 0b10 Research branches 3110 | -9/Exiles | Met EX-DEC 3178 | -9/Exiles | Visited The Gauntlet 3254 | -9/Exiles | Learned location of Zion (-7) 3361 | -9/Exiles | Discovered new exit (range 11) 3388 | -9/Exiles | Left Exiles lab with Longsword +1 3388 | -9/Exiles | Entered Mines 3388 | -8/Mines | Accompanied by 3 allies 3723 | -8/Mines | Discovered new exit (range 8) 3765 | -8/Mines | Entered Materials 3765 | -8/Materials | Evolved 2 slots: Propulsion x2 3922 | -8/Materials | Central database locked down 4384 | -8/Materials | Discovered new exit (range 11) 4515 | -8/Materials | Discovered new exit (range 7) 4985 | -8/Materials | Repaired Arm. Treads 5394 | -8/Materials | Identified exit to Garrison 5394 | -8/Materials | Entered Garrison 5488 | -8/Garrison | Triggered checkpoint 5495 | -8/Garrison | Destroyed 7 combat bots 5500 | -8/Garrison | Triggered checkpoint 5652 | -8/Garrison | Discovered new exit (range 9) 5722 | -8/Garrison | Triggered checkpoint 5856 | -8/Garrison | Discovered new exit (range 10) 5975 | -8/Garrison | Discovered new exit (range 9) 5997 | -8/Garrison | Installed Relay Interface Framework 6050 | -8/Garrison | Triggered checkpoint 6121 | -8/Garrison | Garrison Relay disabled 6296 | -8/Garrison | Triggered checkpoint 6311 | -8/Garrison | Garrison Relay disabled 6359 | -8/Garrison | Entered Materials 6624 | -8/Materials | Build established: Bothacker-Mutant 7051 | -8/Materials | Identified exit to Garrison 7051 | -8/Materials | Entered Garrison 7108 | -8/Garrison | Triggered checkpoint 7115 | -8/Garrison | Triggered checkpoint 7196 | -8/Garrison | Core integrity fell below 50% 7233 | -8/Garrison | Lost 5 parts (1p3n1u) 7238 | -8/Garrison | Triggered checkpoint 7388 | -8/Garrison | Triggered checkpoint 7418 | -8/Garrison | Discovered new exit (range 10) 7513 | -8/Garrison | Garrison Relay disabled 7715 | -8/Garrison | Core integrity fell below 20% 7767 | -8/Garrison | Discovered new exit (range 12) 7968 | -8/Garrison | Triggered checkpoint 8046 | -8/Garrison | Discovered new exit (range 15) 8121 | -8/Garrison | Expanded RIF knowledge: Patrol Navigation 8128 | -8/Garrison | Entered Factory 8128 | -7/Factory | Evolved 2 slots: Utility x2 8494 | -7/Factory | Discovered new exit (range 10) 9166 | -7/Factory | Fabricated Carbon-fiber Leg (x2) 9208 | -7/Factory | Fabricated Carbon-fiber Leg (x2) 9654 | -7/Factory | Discovered new exit (range 14) 9806 | -7/Factory | Identified exit to Factory 9808 | -7/Factory | Entered another Factory area 9808 | -6/Factory | Evolved 2 slots: Utility x2 9987 | -6/Factory | Self-destructed Last Messages --------------- 09590_ R-06 Scavenger collects Gravmag System. 09593_ R-06 Scavenger collects Shock Rifle. 09649_ #N64EZST9QQ|UEU49|8JC=H9Z/W%J0M/#G 09654_ EXIT=FOUND 09714_ Y-54 Guardian destroyed. 09806_ EXIT=IDENTIFIED: FACTORY PARAMETERS=UTILITY+2 LOCATION=FACTORY GOAL=ESCAPE 09808_ Receiving FarCom transmissions... 09856_ Jacked W-25 Informer... >>map_route Extracting route scan data... 09877_ Acquired Lrg. Storage Unit. 09944_ K-01 Serf cleans the Nuclear Reactor. 09968_ Dropped Carbon-fiber Leg. 09980_ Detecting nearby Garrison Access. 09983_ K-01 Serf cleans the Nuclear Reactor. 09985_ Dropped Hrd. Light Armor Plating. 09986_ K-01 Serf cleans the Nuclear Reactor. Map ----- +----------------------------------------------------+ | ?????????????????????????????????????????????????? | | ?????????????????????????????????????????????????? | | ?????????????????????????????????????????????????? | | ?????????????????????????????????????????????????? | | ?????????????????????????????????????????????????? | | ?????????????????????????????????????????????????? | | ?????????????????????????????????????????????????? | | ?????????????????????????????????????????????????? | | ?????????????????????????????????????????????????? | | ?????????????????????????????????????????????????? | | ???????????????????????? ?????????????????????? | | ???????????????????????? ???????????????????? | | ??????????????????????? ??????????????????? | | ?????????????????????""" ??????????????????? | | ?????????????????????"G" ^???????????????????? | | ?????????????????????" " ^ ???????????????????? | | ????????????????????? #???????????????????? | | ??????????????????? ? #???????????????????? | | ?????????????????"" """ #???????????????????? | | ??????????? ??? ??" """ #???????????????????? | | ??????????? ??? ??" """ #???????????????????? | | ?????# ?? ###????????????????? | | ?????# ??? """ """ """ ???????????????? | | ?????# "?? """ """ """ #????????????????# | | ###??# """ """ """ """ ??????????????????# | | #??# k @##########??????????# | | #??# """ """ """ """ # #??????????# | | #??# """ """ """ """ # #??????????# | | #??# """ """ """k""" # """ #???????? # | | #### # """ #????????? # | | + w + """ = #????????? + | | ##### ####### # "" #????????? # | | #???# #?????# # "" #???????? # | | ###???# #?????# # #???######## | | ??????###### #?????# # #???# | | ???????????# #?????# ##########???# | | ???????????# #???###+############## | | ???????????# #???# ! + | | ??????????? #???# # | | ??????????? #???# # ###+# | | ??????????? #???# # # | | ??????????? ? ? #???# # # | | ??????????????????#???# # # | | ??????????????????????# # # | | ??????????????????????# # # """ | | ??????????????????????# # # """ | | ??????????????????????####+############# # """ | | ??????????????????##?????????????????### # """ | | ?????????????????? ?????????????# # """ | | ????????????????? ########### # """ | +----------------------------------------------------+ Best States ------------- Heat Dissipation 52 Energy Generation 18 Energy Capacity 280 Matter Stores 300 Matter Capacity 300 Sight Range 16 Terrain Scan Density 10 Armor Coverage 375 Resistance: TH 10 Evasion (%) 55 Melee Accuracy 12 Recoil Reduction 4 Relay Coupler Types 62 Relay Coupler Value 3 Item Schematics ----------------- Lrg. Storage Unit | -9/Materials | Scanalyzed Carbon-fiber Leg | -8/Materials | Hacked Robot Schematics ------------------ None Fabricated ------------ Carbon-fiber Leg | x2 | -7/Factory Carbon-fiber Leg | x2 | -7/Factory Alien Tech Used ----------------- None Achievements -------------- None Challenges ------------ None Game ------ Seed CombatDisruptorVibroblade Manual? 0 Play Time 01:52:14 Cumulative 191.7 hours Start 2021.02.26 @ 20:00:32 End 2021.02.26 @ 23:46:52 Sessions 3 Manual Loads 0 Difficulty Rogue Special Mode None Game No. 149 Rogue 149 Adventurer 0 Explorer 0 Win Type - Total 1 Types 1/0/0/0/0/0/0/0/0 Lore% 56 Gallery% 62 Achievement% 44 Wizard Run 0 Options --------- ASCII 0 Keyboard 0 Movement Arrows Keybinds 0 Fullscreen 1 Font 18/SmallcapsGlow Map View 76x50 Tactical HUD 1 Map Filters NONE Filters NONE Steam 1 RUN: bd43e846-deca-4fc8-844a-1c90e08b4c22